 Dungeon Crawl Stone Soup version 0.31.0-11-ge490571c62 (webtiles) character file.

Game seed: 12172959465648071269

40098 dialectric the Tortoise (level 13, -6/128 HPs)
             Began as a Minotaur Fighter on Feb 1, 2024.
             Hit by a large rock thrown by a cyclops (24 damage)
             ... on level 2 of the Orcish Mines.
             The game lasted 00:23:53 (16756 turns).

dialectric the Tortoise (Minotaur Fighter)         Turns: 16756, Time: 00:23:54

Health: -6/128     AC: 20    Str: 26    XL:     13   Next: 72%
Magic:  12/12      EV: 16    Int:  5    God:
Gold:   892        SH:  0    Dex: 10    Spells: 12/12 levels left

rFire   + + .        f - +2 whip (drain)
rCold   . . .        (no shield)
rNeg    . . .        k - +1 chain mail
rPois   .            (helmet unavailable)
rElec   .            F - +2 cloak {rF+}
rCorr   .            L - +0 pair of gloves
SInv    .            (no boots)
Will    .....        (no amulet) Stlth
                     H - +5 ring of evasion
HPRegen 0.41/turn    m - ring of protection from fire
MPRegen 0.13/turn

%: no passive effects
@: no status effects
A: horns 3, retaliatory headbutt, deterioration 1
a: no special abilities


You were on level 2 of the Orcish Mines.
You visited 3 branches of the dungeon, and saw 17 of its levels.
You also visited: Sewer and Volcano.

You collected 1483 gold pieces.
You spent 591 gold pieces at shops.

Inventory:

Hand Weapons
 f - a +2 whip of draining (weapon)
 i - a +0 heavy flail
 o - a +2 flail of holy wrath
 D - a +5 mace
 E - a +0 morningstar
Missiles
 d - 24 poisoned darts (quivered)
Armour
 c - a +0 buckler
 k - a +1 chain mail (worn)
 t - a +0 leather armour of poison resistance
 F - a +2 cloak of fire resistance (worn)
 K - a scarf of resistance
 L - a +0 pair of gloves (worn)
Jewellery
 g - a +5 ring of evasion
 m - a ring of protection from fire (right hand)
 H - a +5 ring of evasion (left hand)
Wands
 v - a wand of paralysis (7)
 A - a wand of iceblast (6)
Scrolls
 a - a scroll of fog
 b - 2 scrolls of silence
 e - a scroll of revelation
 j - 2 scrolls of enchant armour
 l - 4 scrolls of teleportation
 p - a scroll of enchant weapon
 q - 2 scrolls of identify
 x - a scroll of immolation
 y - 2 scrolls of brand weapon
 z - 2 scrolls of blinking
 J - a scroll of vulnerability
Potions
 h - a potion of attraction {unknown}
 n - 2 potions of brilliance
 r - 3 potions of curing
 s - 3 potions of enlightenment
 u - 2 potions of cancellation
 w - a potion of heal wounds
 B - a potion of lignification
 G - a potion of resistance
 I - a potion of berserk rage {unknown}
 M - 2 potions of haste


   Skills:
 + Level 15.7 Fighting
 - Level 15.0 Maces & Flails
 + Level 4.2 Throwing
 + Level 16.4 Armour
 + Level 7.3 Dodging
 - Level 1.4 Stealth
 + Level 4.0 Shields
 + Level 0.7 Evocations


You had 12 spell levels left.
You didn't know any spells.
Your spell library contained the following spells:

 Spells                   Type           Power      Damage    Failure   Level
 Freeze                   Ice            0%         1d3       85%         1
 Kiss of Death            Conj/Necr      0%         2d5       85%         1
 Sandblast                Erth           0%         2d4       85%         1
 Slow                     Hex            0%         N/A       85%         1
 Cigotuvi's Dreadful Rot  Necr/Alch/Air  0%         N/A       94%         2
 Confusing Touch          Hex            0%         N/A       99%         3
 Frozen Ramparts          Ice            0%         1d1       99%         3
 Hailstorm                Conj/Ice       0%         3d5       99%         3
 Passwall                 Erth           0%         N/A       99%         3
 Sigil of Binding         Hex            0%         N/A       99%         3
 Stone Arrow              Conj/Erth      0%         3d7       99%         3
 Summon Ice Beast         Ice/Summ       0%         N/A       99%         3
 Vampiric Draining        Necr           0%         2d6       99%         3
 Animate Dead             Necr           0%         N/A       100%        4
 Brom's Barrelling Bould  Conj/Erth      0%         2d3       100%        4
 Cause Fear               Hex            0%         N/A       100%        4
 Dispel Undead            Necr           0%         3d6       100%        4
 Borgnjor's Vile Clutch   Necr/Erth      0%         N/A       100%        5
 Fireball                 Conj/Fire      0%         3d3       100%        5
 Summon Forest            Summ/Tloc      0%         N/A       100%        5
 Summon Mana Viper        Hex/Summ       0%         N/A       100%        5
 Death Channel            Necr           0%         N/A       100%        6
 Sculpt Simulacrum        Ice/Alch       0%         N/A       100%        6
 Summon Cactus Giant      Summ           0%         N/A       100%        6
 Haunt                    Necr/Summ      0%         N/A       100%        7
 Infestation              Necr           0%         N/A       100%        8
 Dragon's Call            Summ           0%         N/A       100%        9


Dungeon Overview and Level Annotations

Branches:
Dungeon (11/15)            Temple (0/1) D:6            Lair (4/5) D:9
  Swamp (0/4) Lair:3       Spider (0/4) Lair:2          Orc (2/2) D:11
    Elf (0/3) Orc:2         Sewer (visited)         Volcano (visited)
  Slime: Lair:4-5

Altars:
Dithmenos
Fedhas
Hepliaklqana
Makhleb
Nemelex Xobeh
Ru
Sif Muna
Trog
Xom
Yredelemnul
Zin

Shops:
D:1 =   D:10 *=(=(   Orc:2 [*!([

Portals:
Trove: D:11 (give +3 shadow dragon scales)

Annotations:
D:7 3 runed translucent doors, soberseth's ghost, novice MiFi
Lair:4 Kirke
Orc:1 Gastronok
Orc:2 Josephine


Innate Abilities, Weirdness & Mutations

You have a pair of large horns on your head.
You reflexively headbutt those who attack you in melee.
Your body sometimes deteriorates upon taking damage.


Message History

The orc wizard gestures at you while chanting.
You easily resist.
Unknown command.
Something hits you!
* * * LOW HITPOINT WARNING * * *
The orc wizard points at you and mumbles some strange words.
The puff of flame hits you but does no damage.
You resist.
Items here: ) [[[ †††.
An ogre mage appears from thin air!
Reactivating autopickup.
The orc wizard hits you with a +0 dagger of venom.
* * * LOW HITPOINT WARNING * * *
You are poisoned.
You hit the orc wizard but do no damage.
You headbutt the orc wizard!
You kill the orc wizard!
You feel sick.
You feel sick.
The ogre mage attacks as it pursues you!
The ogre mage hits you but does no damage.
The cyclops throws a large rock.
The large rock hits you!
* * * LOW HITPOINT WARNING * * *
Things that are here:
a +0 dagger of venom; a +0 robe; an orc corpse You feel better.
The ogre mage hits you but does no damage.
As you read the scroll of teleportation, it crumbles to dust.
You feel strangely unstable.
The ogre mage gestures at you while chanting.
The bolt of magma misses you.
An ogre comes into view. It is wielding a +0 giant spiked club.
The ogre mage attacks as it pursues you!
The ogre mage hits you from afar with a +0 spear!
* * * LOW HITPOINT WARNING * * *
The cyclops throws a large rock.
The large rock barely misses you.
Your surroundings suddenly seem different.
The cyclops shouts!
The cyclops throws a large rock.
The large rock hits you!!
You die...

###....###
##........###
##.......C...#
#...........####
#..............##
......#.........###
.....###..........##
.....#.#...........#
......###...)...@..#
...)...##..).<....##
........#.)).∩...##
..........).....##
#..............##
#.............##
###..........##
####.....####
#...........#


You could see a cyclops.

Vanquished Creatures
  Snorg (D:11)
  A hydra (Lair:3)
  2 boulder beetles (D:11)
  7 two-headed ogres
  2 skysharks
  2 deep trolls
  2 cyclopes (D:11)
  2 manticores (D:10)
  7 elephants
  A black mamba (Lair:3)
  3 molten gargoyles (Volcano)
  An unseen horror (D:11)
  5 cane toads
  A rime drake (Lair:4)
  6 komodo dragons
  3 efreet (Volcano)
  A guardian mummy (D:11)
  8 trolls
  4 blink frogs
  A shadow (D:11)
  A wraith (Orc:1)
  A wyvern (Lair:4)
  3 fire elementals (Volcano)
  47 yaks
  6 wargs
  3 basilisks
  Grum (Lair:1)
  4 hogs
  A fire bat (D:8)
  2 redbacks (Lair:2)
  2 steam dragons
  2 vampire mosquitoes (D:11)
  Edmund (D:5)
  3 swamp worms (Lair:3)
  8 water moccasins
  A hell hound (D:9)
  Duvessa (D:4)
  3 ice beasts (D:7)
  2 sky beasts
  3 black bears
  9 orc warriors
  A centaur (D:10)
  4 wolves (Lair:1)
  17 ogres
  A phantom (D:4)
  6 kobold brigands
  16 bullfrogs
  2 earth elementals (Volcano)
  A jelly (D:8)
  5 scorpions
  7 wights
  Dowan (D:4)
  17 killer bees
  An electric eel (Lair:3)
  3 howler monkeys
  A hound (D:7)
  2 bombardier beetles
  10 orc priests
  3 iron imps (D:3)
  A sleepcap (D:4)
  4 iguanas
  19 orc wizards
  7 adders
  3 gnolls
  4 river rats
  A white imp (D:8)
  2 ufetubi (D:7)
  5 dart slugs
  A ribbon worm (D:4)
  52 orcs
  5 endoplasms
  6 giant cockroaches
  5 goblins
  4 hobgoblins
  5 jackals
  3 quokkas
  5 ball pythons
  4 bats
  27 kobolds
  7 rats
  A butterfly (Lair:1)
433 creatures vanquished.

Vanquished Creatures (others)
  An adder (D:4)
1 creature vanquished.

Grand Total: 434 creatures vanquished

Notes
Turn   | Place    | Note
-------+----------+-------------------------------------------
     0 | D:1      | dialectric the Minotaur Fighter began the quest for the
                  | Orb.
     0 | D:1      | Reached XP level 1. HP: 19/19 MP: 0/0
   208 | D:1      | Reached XP level 2. HP: 27/27 MP: 1/1
   378 | D:1      | Reached skill level 4 in Armour
   476 | D:1      | Found Douhio's Jewellery Emporium.
   642 | D:2      | Reached XP level 3. HP: 33/33 MP: 2/2
  1412 | D:3      | Found a burning altar of Makhleb.
  1670 | D:3      | Reached XP level 4. HP: 30/40 MP: 3/3
  1766 | D:3      | Reached skill level 5 in Armour
  1766 | D:3      | Reached XP level 5. HP: 47/47 MP: 4/4
  1904 | D:4      | Noticed a phantom
  1920 | D:4      | Killed a phantom
  1921 | D:4      | Reached skill level 1 in Dodging
  1949 | D:4      | Noticed Duvessa
  1957 | D:4      | Reached skill level 5 in Maces & Flails
  1957 | D:4      | Reached XP level 6. HP: 48/53 MP: 5/5
  1961 | D:4      | Noticed Dowan
  1975 | D:5      | Entered Level 5 of the Dungeon
  1981 | D:5      | Reached skill level 6 in Armour
  2370 | D:4      | Killed Dowan
  2413 | D:4      | Found a glowing drain.
  2424 | Sewer    | Entered a sewer
  2506 | Sewer    | Reached XP level 7. HP: 39/60 MP: 6/6
  2518 | Sewer    | Reached skill level 5 in Fighting
  2518 | Sewer    | Reached skill level 7 in Armour
  2631 | Sewer    | Found a glowing silver altar of Zin.
  2732 | D:4      | Killed Duvessa
  3091 | D:5      | Found a bloodstained altar of Trog.
  3187 | D:5      | Found a shimmering blue altar of Sif Muna.
  3192 | D:5      | Got Sif Muna's Handbook of Lethal Fumes
  3285 | D:5      | Noticed Edmund
  3290 | D:5      | Killed Edmund
  3291 | D:5      | Reached skill level 8 in Armour
  3291 | D:5      | Reached XP level 8. HP: 61/70 MP: 7/7
  3380 | D:5      | Found a shadowy altar of Dithmenos.
  3773 | D:6      | Found a staircase to the Ecumenical Temple.
  4099 | D:6      | Found a blossoming altar of Fedhas.
  4101 | D:6      | Found a hazy altar of Hepliaklqana.
  4340 | D:6      | Found a basalt altar of Yredelemnul.
  4467 | D:7      | Reached skill level 9 in Armour
  4467 | D:7      | Reached XP level 9. HP: 78/78 MP: 8/8
  4620 | D:7      | Found a runed translucent gate.
  4620 | D:7      | Found a runed translucent gate.
  4621 | D:7      | Found a runed translucent gate.
  4621 | D:7      | Noticed soberseth's ghost (novice MiFi)
  4632 | D:7      | Reached skill level 10 in Maces & Flails
  4754 | D:7      | Found a glowing silver altar of Zin.
  5542 | D:8      | Found a sacrificial altar of Ru.
  5881 | D:8      | Reached skill level 10 in Armour
  5881 | D:8      | Reached skill level 1 in Stealth
  5989 | D:8      | Found a sparkling altar of Nemelex Xobeh.
  6237 | D:8      | Reached XP level 10. HP: 71/88 MP: 9/9
  7002 | D:9      | Reached skill level 11 in Armour
  7293 | D:9      | Identified the +5 orcbow of Somewhere Else {elec, rElec rF+
                  | rCorr}
  7644 | D:9      | Found a shimmering altar of Xom.
  7762 | D:9      | Identified the +8 spear "Kowuiv" {speed, rPois Will+ Str+3
                  | Int-4}
  8015 | D:9      | Reached XP level 11. HP: 50/99 MP: 10/10
  8189 | D:9      | Found a staircase to the Lair.
  8199 | D:9      | Reached skill level 12 in Armour
  8357 | D:9      | Reached skill level 10 in Fighting
  8633 | D:10     | Entered Level 10 of the Dungeon
  9110 | D:10     | Found Causkyth's Weapon Shoppe.
  9203 | D:10     | Found Xaijocw's Jewellery Shoppe.
  9205 | D:10     | Found Ciocozemi's Weapon Boutique.
  9209 | D:10     | Bought a +5 ring of evasion for 396 gold pieces
  9251 | D:10     | Found Maunof Ycao's Jewellery Emporium.
  9396 | D:10     | Found Cucrutsy's General Store.
  9443 | D:10     | Bought a potion of heal wounds for 50 gold pieces
  9443 | D:10     | Bought a potion of heal wounds for 50 gold pieces
  9443 | D:10     | Bought a potion of curing for 30 gold pieces
  9729 | Lair:1   | Entered Level 1 of the Lair of Beasts
  9950 | Lair:1   | Noticed Grum
  9979 | Lair:1   | Killed Grum
 10183 | Lair:1   | Found the +7 Kryia's mail coat {PotionHeal*2 rC+}
 10369 | Lair:1   | Reached skill level 5 in Dodging
 10628 | Lair:1   | Reached skill level 13 in Armour
 10632 | Lair:1   | Reached skill level 1 in Throwing
 11311 | Lair:2   | Noticed a death yak
 11312 | Lair:2   | Noticed a death yak
 11313 | Lair:2   | Noticed a death yak
 11333 | Lair:2   | Reached XP level 12. HP: 78/111 MP: 11/11
 11532 | Lair:2   | Found a dark tunnel.
 11550 | Volcano  | Entered a volcano
 12433 | Lair:2   | Reached skill level 14 in Armour
 12653 | Lair:3   | Reached skill level 15 in Maces & Flails
 13017 | Lair:3   | Found a staircase to the Swamp.
 13190 | Lair:3   | Noticed a seven-headed hydra
 13201 | Lair:3   | Killed a seven-headed hydra
 13644 | Lair:4   | Noticed Kirke
 13688 | Lair:3   | Reached skill level 15 in Armour
 13846 | D:11     | Reached XP level 13. HP: 110/123 MP: 12/12
 14391 | D:11     | Found a staircase to the Orcish Mines.
 14850 | D:11     | Found a portal to a secret trove of treasure.
 14981 | D:11     | Noticed Snorg
 14999 | D:11     | Killed Snorg
 15269 | D:11     | Gained mutation: Your body sometimes deteriorates upon
                  | taking damage. [potion of mutation]
 15269 | D:11     | Gained mutation: Your spells are a little easier to cast,
                  | but a little less powerful. [potion of mutation]
 15269 | D:11     | Gained mutation: You have a pair of large horns on your
                  | head. [potion of mutation]
 15270 | D:11     | Lost mutation: You have a pair of large horns on your head.
                  | [potion of mutation]
 15270 | D:11     | Lost mutation: Your spells are a little easier to cast, but
                  | a little less powerful. [potion of mutation]
 15270 | D:11     | Gained mutation: You are partially covered in iridescent
                  | scales. (AC +2) [potion of mutation]
 15270 | D:11     | Lost mutation: You are partially covered in iridescent
                  | scales. (AC +2) [potion of mutation]
 15270 | D:11     | Gained mutation: You have a pair of large horns on your
                  | head. [potion of mutation]
 15336 | Orc:1    | Entered Level 1 of the Orcish Mines
 15422 | Orc:2    | Entered Level 2 of the Orcish Mines
 15422 | Orc:2    | Found Woarozage's Weapon Shop.
 15422 | Orc:2    | Found Uttusk's Antique Armour Shoppe.
 15547 | Orc:2    | Found Tuc Beuq's Distillery.
 15555 | Orc:2    | Bought a potion of heal wounds for 65 gold pieces
 15810 | Orc:1    | Noticed Gastronok
 15858 | Orc:2    | Found Ryfaluf's Antique Armour Shop.
 15955 | Orc:2    | Found a staircase to the Elven Halls.
 16004 | Orc:2    | Reached skill level 15 in Fighting
 16161 | Orc:1    | Reached skill level 16 in Armour
 16543 | Orc:2    | Noticed Josephine
 16691 | Orc:2    | Found Tuazilu's General Store.
 16756 | Orc:2    | Hit by a large rock thrown by a cyclops

Illustrated notes

Levels and vault maps discovered:
D:1:      sevenhm_arrival_forest_fort_small_5, layout_loops_ring, serial_shops,
          nicolae_shop_temple_entry_statues_fountains
D:2:      layout_loops_ring
D:3:      layout_basic, demons_altar, mainiacjoe_overflow_tiny_flanked,
          gammafunk_ghost_arena, ebering_ecumenical_altar_abandoned,
          roderic_serpentine_path
D:4:      layout_basic, serial_shops, nicolae_shop_window_shopping,
          gup_sewer_entry_bubbles, hex_large, minmay_crystal_room,
          chequers_big_river, uniq_duvessa
D:5:      layout_loops_ring, nzn_overflow_gifts_of_might_and_magic,
          nicolae_dithmenos_the_darkroom, serial_park_tiny_pond, uniq_edmund
D:6:      layout_gridville, mainiacjoe_overflow_six_doors_small,
          jmf_multi_god_temple, minmay_temple_entry_ruins
D:7:      layout_basic, zin_statuary, serial_glass, glass_columns_c,
          glass_columns_a, ebering_ghost_rock_garden, st_stairs_1, minivault_11
D:8:      layout_basic, lemuel_doored_altar, mainiacjoe_overflow_cross_hatched
D:9:      layout_roguey, regret_index_xom_of_box, grunt_lair_entry_orc_guard_hut
D:10:     layout_loops_ring, serial_shops, nicolae_shop_bloodbath_and_beyond,
          shop, nicolae_shop_gaudy_bauble, shop, shop
D:11:     lemuel_flame_loot_2, layout_gridville, david_orc_1_choice,
          nicolae_trove_entry_path_of_doom, grunt_decor_fettered, uniq_snorg
Lair:1:   layout_layer_cave, lemuel_fruit_fields, uniq_grum
Lair:2:   layout_long_grid, spider_nest_entry_funnel_web,
          nicolae_volcano_entry_lava_flow, grunt_megastairs_5,
          infiniplex_staircase_pool_2
Lair:3:   layout_misc_corridors, nicolae_swamp_entry_splash_gauntlet,
          lemuel_fruit_tree
Lair:4:   layout_regular_city, minmay_slime_entry_jelly_boxes, pond,
          infiniplex_staircase_pool, lemuel_fruit_fields, uniq_kirke
Orc:1:    layout_diamond_mine, uniq_gastronok
Orc:2:    st_orc_open, layout_diamond_mine, serial_shops, shop, shop, shop,
          shop, einodemon_armed_red_devil_minivault, uniq_josephine

Skill      XL: |  1  2  3  4  5  6  7  8  9 10 11 12 13 |
---------------+----------------------------------------+-----
Fighting       | 4 5 6 8 9 11 13 15 | 15.7
Armour         | 4 5 6 8 9 10 11 13 15 16 | 16.4
Shields        | 4 |  4.0
Maces & Flails | 3 4 5 7 9 11 13 14 15 | 15.0
Dodging        | 1 2 3 6 7 |  7.3
Stealth        | 1 |  1.4
Throwing       | 1 3 4 |  4.2
Evocations     | |  0.7

Action                     |  1- 3 |  4- 6 |  7- 9 | 10-12 | 13-15 || total
---------------------------+-------+-------+-------+-------+-------++-------
  Melee: Flail             |    78 |    78 |   279 |   282 |     5 ||   722
         Headbutt          |    13 |    18 |    48 |   231 |    97 ||   407
         Punch             |       |     3 |     4 |    13 |     7 ||    27
         Whip              |       |       |       |   637 |   357 ||   994
  Throw: Dart              |       |       |     3 |    19 |    13 ||    35
  Evoke: Wand              |       |       |       |     3 |       ||     3
    Use: Scroll            |       |     5 |     4 |     9 |     9 ||    27
         Potion            |       |     2 |     2 |     5 |     3 ||    12
   Stab: Distracted        |       |       |     1 |       |       ||     1
 Armour: Scale mail        |    48 |    74 |    39 |       |       ||   161
         Chain mail        |       |       |   242 |   503 |   208 ||   953
  Dodge: Dodged            |    44 |    59 |   145 |   484 |   244 ||   976
